Map: 데스오라 - 래더

Players

인공지능 칸 (아주 쉬움) - Winner!

  • Race: Protoss Protoss
  • Spawn Location: 11:00

Ryung

  • Race: Terran Terran
  • League: Grandmaster
  • Spawn Location: 5:00

VOD

Have the link to the VOD?

Description

Time

  • Played on: March 30, 2021, 8:16 a.m.
  • Length: 7:19
Show
View Real Time Build Order
Export as new Build Order

인공지능 칸 (아주 쉬움) Protoss - Winner!

Build Orders:  

Get SALT Encoding   

  12  0:00  Probe  
  13  0:13  Probe  
  14  0:19  Pylon  
  14  0:36  Assimilator  
  14  0:42  Gateway  
  14  0:46  Pylon  
  14  1:14  Assimilator  
  14  1:17  Probe  
  14  1:25  Probe  
  16  1:33  Probe  
  16  1:34  Cybernetics Core  
  17  1:43  Probe  
  18  1:55  Probe  
  18  2:00  Warp Gate  
  19  2:03  Probe  
  20  2:10  Stalker  
  22  5:33  Zealot  
  22  5:35  Probe  
  25  5:36  Pylon  
  25  5:39  Robotics Facility  
  23  5:43  Probe  
  24  5:51  Probe  
  25  6:01  Probe  
  26  6:09  Pylon  
  26  6:12  Probe  
  27  6:28  Zealot  
  27  6:29  Observer  
  30  6:50  Observer  
  31  7:07  Nexus  
Show
View Real Time Build Order
Export as new Build Order

Ryung Terran 

Build Orders:  

Get SALT Encoding   

  12  0:00  SCV  
  13  0:12  SCV  
  14  0:16  Supply Depot  
  14  0:24  SCV  
  15  0:38  SCV  
  15  0:40  Barracks  
  16  0:42  Refinery  
  16  0:50  SCV  
  17  1:02  SCV  
  18  1:14  SCV  
  19  1:27  Orbital Command, Marine  
  20  1:40  Command Center  
  20  1:45  Barracks Reactor  
  20  1:54  SCV, Supply Depot  
  21  2:06  SCV  
  22  2:08  Barracks  
  22  2:18  SCV  
  22  2:21  Marine x2  
  25  2:30  SCV  
  25  2:33  Barracks, Bunker  
  26  2:39  Marine x2  
  26  2:42  SCV  
  29  2:53  Orbital Command  
  29  2:54  SCV  
  29  2:57  Barracks Tech Lab  
  29  2:58  Refinery  
  30  3:00  Marine x2  
  32  3:07  SCV  
  33  3:15  Stimpack  
  33  3:16  Marine  
  33  3:19  SCV x2  
  36  3:24  Barracks Tech Lab  
  36  3:25  Marine x2  
  38  3:31  Supply Depot  
  38  3:32  SCV x2  
  40  3:35  Marine  
  41  3:41  Combat Shield  
  41  3:42  Marine  
  41  3:43  Marine x2  
  41  3:45  SCV x2  
  46  3:51  Supply Depot  
  46  3:57  SCV x2  
  46  4:00  Marauder  
  46  4:01  Marauder  
  46  4:02  Marine x2  
  54  4:07  Supply Depot  
  54  4:13  SCV x2  
  56  4:20  Marine x3  
  56  4:21  Marine  
  60  4:24  Factory  
  60  4:26  SCV x2  
  62  4:33  Refinery  
  62  4:35  Engineering Bay  
  62  4:38  Supply Depot  
  62  4:40  SCV x2  
  62  4:42  Marine x3  
  62  4:43  Marine  
  68  4:53  SCV x2  
  68  4:55  Concussive Shells  
  70  5:00  Marine x3  
  70  5:01  Marine  
  70  5:04  Terran Infantry Weapons Level 1  
  74  5:10  Starport  
  74  5:11  Factory Reactor  
  74  5:15  SCV x2  
  74  5:16  Supply Depot  
  76  5:21  Supply Depot  
  76  5:27  Barracks  
  76  5:28  Barracks, SCV x2  
  78  5:38  Marine x4  
  78  5:40  Supply Depot  
  82  5:43  SCV x2, Supply Depot  
  82  5:45  Refinery  
  84  5:55  Medivac x2  
  84  5:56  Factory Reactor, Marauder x2  
  92  6:04  Marine x2  
  94  6:14  Command Center  
  94  6:15  Barracks Tech Lab, Barracks Reactor  
  94  6:20  Marauder x2  
  94  6:25  Medivac x2  
  100  6:27  Supply Depot  
  102  6:35  Marauder, Marine x2  
  106  6:41  Marauder  
  106  6:42  Widow Mine  
  106  6:44  Supply Depot  
  106  6:45  Supply Depot  
  110  6:49  Widow Mine  
  110  6:50  Armory  
  116  7:02  Supply Depot  
Tags
 
Add a new tag
Caveats
  • Supply blocks, unpowered buildings, or Contaminate may cause inaccurate times.
  • Supply counts are checked every 10 seconds.